 Dungeon Crawl Stone Soup version 0.20.1-1-g8b1a95d (webtiles) character file.

15247 polve the Carver (level 12, -2/81 HPs)
             Began as a Tengu Berserker on Aug 12, 2017.
             Was a High Priest of Trog.
             Slain by a vampire (10 damage)
             ... on level 11 of the Dungeon.
             The game lasted 00:12:12 (11976 turns).

polve the Carver (Tengu Berserker)                 Turns: 11976, Time: 00:12:12

Health: -2/81      AC:  6    Str: 19    XL:     12   Next: 25%
Magic:  4/4        EV: 17    Int:  7    God:    Trog [*****.]
Gold:   711        SH:  0    Dex: 18    Spells: 11/11 levels left

rFire    . . .     SeeInvis .   v - +6 double sword (antimagic)
rCold    . . .     Gourm    .   (no shield)
rNeg     + . .     Faith    .   J - +0 troll leather armour
rPois    .         Spirit   .   (helmet restricted)
rElec    .         Reflect  .   (no cloak)
rCorr    .         Harm     .   o - +0 pair of gloves
MR       .....                  (boots unavailable)
Stlth    +.........             r - amulet of regeneration
Regen    1.1/turn               h - ring of positive energy
MPRegen  0.1/turn               (no ring)

@: berserk cooldown, slowed, very slow
A: beak, talons 3, able to fly 1
a: Fly, Berserk, Trog's Hand, Brothers in Arms, Burn Spellbooks, Renounce
Religion


You were on level 11 of the Dungeon.
You worshipped Trog.
Trog was extremely pleased with you.
You were hungry.

You visited 1 branch of the dungeon, and saw 11 of its levels.
You also visited: Ossuary.

You collected 711 gold pieces.

Inventory:

Hand Weapons
 v - a +6 antimagic double sword (weapon)
Missiles
 e - 469 stones (quivered)
Armour
 k - a +0 chain mail
 o - a +0 pair of gloves (worn)
 J - a +0 troll leather armour (worn)
Jewellery
 h - a ring of positive energy (left hand)
 r - an amulet of regeneration (around neck)
 E - an uncursed ring of positive energy
 G - an uncursed ring of ice {unknown}
 H - an uncursed ring of fire {unknown}
 M - a cursed amulet of inaccuracy {unknown}
Wands
 L - a wand of iceblast (10/15)
Scrolls
 a - 3 scrolls of enchant armour {unknown}
 b - 6 scrolls of remove curse
 f - 9 scrolls of teleportation
 j - 5 scrolls of magic mapping {unknown}
 n - 3 scrolls of immolation
 p - 4 scrolls of recharging
 s - 3 scrolls of identify
 y - a scroll of enchant weapon {unknown}
 B - 3 scrolls of fog {unknown}
 C - a scroll of blinking
 D - 2 scrolls of fear {unknown}
 F - a scroll of brand weapon {unknown}
 I - a scroll of holy word {unknown}
Potions
 c - 2 potions of might {unknown}
 d - 6 potions of curing {unknown}
 i - 2 potions of haste
 l - 3 potions of lignification {unknown}
 m - 2 potions of resistance {unknown}
 q - 7 potions of heal wounds {unknown}
 t - a potion of berserk rage {unknown}
 u - 2 potions of cancellation {unknown}
 w - a potion of mutation {unknown}
 z - 3 potions of agility {unknown}
 K - a potion of invisibility {unknown}
Books
 x - a book of Minor Magic

   Spells                             Type                      Level
   a - Magic Dart                     Conjuration                  1
   b - Blink                          Translocation                2
   c - Call Imp                       Summoning                    2
   d - Slow                           Hexes                        2
   e - Conjure Flame                  Conjuration/Fire             3
   f - Mephitic Cloud                 Conjuration/Poison/Air       3
   Trog disapproves of the use of such an item.
Comestibles
 g - 8 bread rations
 A - 2 meat rations
 N - 2 chunks of flesh


   Skills:
 + Level 12.2 Fighting
 + Level 13.3 Long Blades
 - Level 7.6 Armour
 - Level 7.8 Dodging


You had 11 spell levels left.
You didn't know any spells.

Dungeon Overview and Level Annotations

Branches:
Dungeon (11/15)            Temple (0/1) D:7            Lair (0/6) D:8
    Orc: D:9-12

Altars:
Dithmenos
Kikubaaqudgha
Okawaru
Qazlal
Trog
Xom
Yredelemnul
Zin
The Shining One

Shops:
D:4 (   D:6 [   D:8 %

Portals:
Trove: D:10 (give +7 demon blade)


Innate Abilities, Weirdness & Mutations

You have a beak for a mouth.
You have claws for feet.
You can fly.


Message History

Something draws strength from your injuries!
The gnoll sergeant hits you from afar with a spear of freezing.
* * * LOW HITPOINT WARNING * * *
The gnoll sergeant freezes you.
* * * LOW HITPOINT WARNING * * *
You barely miss something. You claw something! You peck something.
You feel less confused. Something hits you.
* * * LOW HITPOINT WARNING * * *
Something bites you!
* * * LOW HITPOINT WARNING * * *
Something draws strength from your injuries!
The gnoll sergeant hits you but does no damage.
You slash something! Your peck misses something.
The gnoll sergeant closely misses you.
You hear some strange, mumbled words.
Something tries to affect you, but you resist.
The gnoll sergeant hits you but does no damage.
You hit something. Something hits you!
You die...

#..........#
#.....#...##
#.....##..#
########..#
#..># #.###
#.# #.# #@#
#{# #g# #g#


#gh ### You could see a gnoll sergeant, a hound and 2 gnolls.

Vanquished Creatures
  The ghost of Thaneod the Fighter, a journeyman MiBe of Trog (D:9)
  4 two-headed ogres
  A death yak (D:8)
  An unseen horror (D:10)
  A manticore (D:11)
  A gargoyle (D:11)
  2 hellwings (D:8)
  A troll (D:11)
  A hornet (D:10)
  Grinder (D:4)
  3 hippogriffs
  Sigmund (D:4)
  A spriggan (D:7)
  3 yaks (D:11)
  2 basilisks (D:8)
  A steam dragon (D:11)
  Menkaure (D:5)
  A water moccasin (D:8)
  2 ice beasts (D:11)
  3 orc warriors
  2 phantoms (D:6)
  An eye of draining (D:10)
  A black bear (D:8)
  4 sky beasts
  5 ogres
  5 centaurs
  A crocodile (D:8)
  3 elf zombies (Ossuary)
  5 big kobolds
  4 bullfrogs
  2 wyvern skeletons
  2 scorpions
  9 killer bees (D:9)
  2 jellies
  6 crimson imps
  8 centaur zombies
  6 human zombies (Ossuary)
  5 orc priests
  4 hounds
  6 orc wizards
  4 centaur skeletons
  2 bullfrog skeletons (D:9)
  3 iguanas
  10 worker ants
  A hound zombie (D:5)
  3 mummies (Ossuary)
  Robin (D:3)
  9 gnolls
  8 adders
  6 shadow imps
  An adder zombie (D:7)
  2 adder skeletons
  5 worms
  A dart slug (D:1)
  5 leopard geckos
  36 orcs
  9 bats
  51 goblins
  24 hobgoblins
  4 jackals
  10 kobolds
  6 quokkas
  3 ball pythons
  4 frilled lizards
  A hobgoblin zombie (D:4)
  2 jackal zombies (D:4)
  3 quokka skeletons
  6 rats
333 creatures vanquished.

Notes
Turn   | Place    | Note
-------+----------+-------------------------------------------
     0 | D:1      | polve the Tengu Berserker began the quest for the Orb.
     0 | D:1      | Reached XP level 1. HP: 14/14 MP: 2/2
     8 | D:1      | Reached XP level 2. HP: 9/19 MP: 3/3
   606 | D:1      | Reached XP level 3. HP: 23/23 MP: 4/4
   885 | D:1      | Reached skill level 4 in Long Blades
  1348 | D:2      | Reached XP level 4. HP: 29/29 MP: 5/5
  1348 | D:2      | Reached ** piety under Trog
  1511 | D:2      | Found a faded altar of an unknown god.
  1744 | D:2      | Found a shadowy altar of Dithmenos.
  2209 | D:3      | Noticed Robin
  2216 | D:3      | Killed Robin
  2223 | D:3      | Gained mutation: You can fly. [Tengu growth]
  2223 | D:3      | Reached XP level 5. HP: 33/33 MP: 6/6
  2224 | D:3      | Reached skill level 5 in Long Blades
  2936 | D:3      | Reached *** piety under Trog
  2975 | D:3      | Reached skill level 5 in Fighting
  2975 | D:3      | Reached XP level 6. HP: 13/40 MP: 7/7
  3850 | D:4      | Noticed Grinder
  3857 | D:4      | Killed Grinder
  3857 | D:4      | Reached skill level 6 in Long Blades
  3857 | D:4      | Reached XP level 7. HP: 45/45 MP: 8/8
  3950 | D:4      | Noticed Sigmund
  3960 | D:4      | Killed Sigmund
  4172 | D:4      | Found a sand-covered staircase.
  4182 | Ossuary  | Entered an ossuary
  4328 | Ossuary  | Reached skill level 7 in Long Blades
  4490 | Ossuary  | Reached XP level 8. HP: 48/53 MP: 9/9
  4763 | Ossuary  | Reached skill level 8 in Long Blades
  5105 | D:4      | Found Xineetz's Antique Weapon Boutique.
  5328 | D:5      | Entered Level 5 of the Dungeon
  5341 | D:5      | Reached **** piety under Trog
  5431 | D:5      | Noticed Menkaure
  5436 | D:5      | Killed Menkaure
  5876 | D:5      | Reached XP level 9. HP: 57/57 MP: 10/10
  5981 | D:5      | Reached skill level 5 in Armour
  5981 | D:5      | Reached skill level 5 in Dodging
  6110 | D:5      | Reached ***** piety under Trog
  6552 | D:5      | Found an iron altar of Okawaru.
  6553 | D:5      | Found a bloodstained altar of Trog.
  6796 | D:6      | Found Unlaf's Armour Shop.
  7396 | D:7      | Found a basalt altar of Yredelemnul.
  7594 | D:7      | Found a shimmering altar of Xom.
  7596 | D:7      | Found an ancient bone altar of Kikubaaqudgha.
  7596 | D:7      | Found a stormy altar of Qazlal.
  7598 | D:7      | Found a glowing silver altar of Zin.
  7601 | D:7      | Received a gift from Trog
  7693 | D:7      | Reached XP level 10. HP: 63/63 MP: 3/11
  7877 | D:7      | Found a staircase to the Ecumenical Temple.
  8545 | D:8      | Noticed a two-headed ogre
  8555 | D:8      | Killed a two-headed ogre
  8555 | D:8      | Reached skill level 9 in Long Blades
  8635 | D:8      | Found a staircase to the Lair.
  8636 | D:8      | Noticed a death yak
  8661 | D:8      | Killed a death yak
  8663 | D:8      | Reached skill level 10 in Long Blades
  8715 | D:8      | Reached XP level 11. HP: 67/72 MP: 4/12
  8721 | D:8      | Reached skill level 10 in Fighting
  8723 | D:8      | Reached skill level 11 in Long Blades
  9292 | D:8      | Found Eretzih's Food Shoppe.
  9435 | D:9      | Received a gift from Trog
  9617 | D:9      | Noticed a two-headed ogre
  9624 | D:9      | Killed a two-headed ogre
  9739 | D:9      | Found a glowing golden altar of the Shining One.
 10069 | D:9      | Noticed Thaneod's ghost (journeyman MiBe)
 10090 | D:9      | Killed Thaneod's ghost
 10090 | D:9      | Reached skill level 12 in Long Blades
 10116 | D:9      | Noticed a two-headed ogre
 10121 | D:9      | Killed a two-headed ogre
 10302 | D:10     | Entered Level 10 of the Dungeon
 10455 | D:10     | Killed an unseen horror
 10808 | D:10     | Found a portal to a secret trove of treasure.
 11132 | D:10     | Found a bloodstained altar of Trog.
 11425 | D:11     | Reached XP level 12. HP: 60/81 MP: 4/13
 11527 | D:11     | Reached skill level 13 in Long Blades
 11541 | D:11     | Noticed a two-headed ogre
 11550 | D:11     | Killed a two-headed ogre
 11976 | D:11     | Slain by a vampire

Skill      XL: |  1  2  3  4  5  6  7  8  9 10 11 12 |
---------------+-------------------------------------+-----
Long Blades    | 4 5 6 7 8 10 12 13 | 13.3
Fighting       | 4 5 7 9 11 12 | 12.2
Armour         | 4 7 |  7.6
Dodging        | 4 7 |  7.8

Action                   |  1- 3 |  4- 6 |  7- 9 | 10-12 || total
-------------------------+-------+-------+-------+-------++-------
Melee: Falchion          |    56 |   138 |   354 |       ||   548
       Kick              |    13 |    43 |   164 |    97 ||   317
       Peck              |     7 |    31 |    85 |    82 ||   205
       Double sword      |       |       |    10 |   271 ||   281
Invok: Berserk           |     3 |     4 |     8 |     7 ||    22
  Use: Scroll            |       |     2 |     9 |       ||    11
 Stab: Sleeping          |     1 |       |       |     1 ||     2
  Eat: Chunk             |     3 |    12 |    12 |    16 ||    43
       Bread ration      |       |       |     1 |       ||     1
       Meat ration       |       |       |     1 |       ||     1
       Fruit             |       |       |       |     4 ||     4
Armor: Animal skin       |    27 |     9 |       |       ||    36
       Chain mail        |       |    16 |   161 |   151 ||   328
       Troll leather arm |       |       |       |     4 ||     4
Dodge: Dodged            |    42 |    76 |   156 |   155 ||   429
       Rpst.: Falchion   |    14 |    24 |    50 |       ||    88
       Double sword      |       |       |       |    34 ||    34
